 Dungeon Crawl Stone Soup version 0.30-a0-870-gc5d4c5acee (webtiles) character file.

Game seed: 11156801883646799995

541 lunkers the Slasher (level 7, -11/51 HPs)
             Began as a Meteoran Fighter on Mar 10, 2023.
             Was a Believer of Hepliaklqana.
             Mangled by Sigmund
             ... wielding a +5 scythe of venom
              (12 damage)
             ... on level 6 of the Dungeon on Mar 11, 2023.
             The game lasted 00:07:16 (2222 turns).

lunkers the Slasher (Meteoran Fighter)              Turns: 2222, Time: 00:07:17

Health: -11/51     AC: 10    Str: 24    XL:     7   Next: 81%
Magic:  8/8        EV: 10    Int: 10    God:    Hepliaklqana [**....]
Gold:   174        SH:  6    Dex: 15    Spells: 6/6 levels left

rFire   + . .      SeeInvis .    a - +2 long sword (flame)
rCold   . . .      Faith    .    c - +1 buckler
rNeg    . . .      Spirit   .    l - +4 ring mail "Iru Woixtua" {rF+ Stlth+}
rPois   .          Reflect  .    (no helmet)
rElec   .          Rampage  .    (no cloak)
rCorr   .                        g - +0 pair of gloves
Will    .....                    (no boots)
Stlth   +                        (no amulet)
HPRegen 0.28/turn                m - +6 ring of strength
MPRegen 0.11/turn                (no ring)

@: glowing
A: reduced essence, sense surroundings 1, otherworldly, glowing, explore regen
a: Renounce Religion, Recall Ancestor, Ancestor Identity


You were on level 6 of the Dungeon.
You worshipped Hepliaklqana.
Hepliaklqana was pleased with you.
You visited 1 branch of the dungeon, and saw 6 of its levels.

You collected 174 gold pieces.

Inventory:

Hand Weapons
 a - a +2 long sword of flaming (weapon)
 b - a +0 great sword
 k - a +0 long sword
 q - a +2 dagger of freezing
Missiles
 e - a throwing net
Armour
 c - a +1 buckler (worn)
 g - a +0 pair of gloves (worn)
 i - the +4 plate armour of Makhleb's Reproof {Harm rC+}
   (You found it on level 2 of the Dungeon)

   rC:        It protects you from cold.
   Harm:      It increases damage dealt and taken.
 l - the +4 ring mail "Iru Woixtua" (worn) {rF+ Stlth+}
   (You found it on level 3 of the Dungeon)

   rF:        It protects you from fire.
   Stlth:     It makes you more stealthy.
Jewellery
 m - a +6 ring of strength (left hand)
Wands
 p - a wand of paralysis (13)
Scrolls
 f - 3 scrolls of teleportation
 h - 3 scrolls of torment
 r - a scroll of blinking {unknown}
Potions
 d - 2 potions of might
 o - a potion of mutation


   Skills:
 - Level 3.2 Fighting
 - Level 6.0(7.1) Short Blades
 + Level 6.4(7.7) Long Blades
 - Level 3.6 Armour
 - Level 3.6 Shields


You had 6 spell levels left.
You didn't know any spells.
Your spell library was empty.

Dungeon Overview and Level Annotations

Branches:
Dungeon (6/15) Zot: 1391   Temple (0/1) D:5

Altars:
Cheibriados
Gozag
Hepliaklqana
Ru
Wu Jian

Shops:
D:2 *

Annotations:
D:6 Sigmund


Innate Abilities, Weirdness & Mutations

Your life essence is reduced to manifest your ancestor. (-10% HP)
You passively map a small area around you.
You are easily found by Zot.
You glow in the dark.
You regain HP and MP as you explore.


Message History

You feel sick.
You hear some strange, mumbled words.
You are confused.
You feel much better.
You feel sick. Something hits you but does no damage.
You closely miss something.
You feel sick. Something hits you but does no damage.
You swing at nothing.
You feel sick. Something hits you.
* * * LOW HITPOINT WARNING * * *
You nearly hit yourself!
You feel sick.
You swing at nothing.
Your transformation is almost over.
You feel less confused.
You feel sick. Something hits you but does no damage.
You are more poisoned.
Okay, then.
You closely miss something.
You feel very sick. Something hits you but does no damage.
You hit something. You burn something.
You feel sick.
You closely miss something.
You feel sick.
You hear some strange, mumbled words.
A magic dart appears from out of thin air!
The magic dart hits you but does no damage.
You miss something.
You feel sick. Something hits you but does no damage.
You closely miss something.
You feel sick. Something hits you!
* * * LOW HITPOINT WARNING * * *
You hit something. You burn something.
You feel sick. Something hits you.
* * * LOW HITPOINT WARNING * * *
You miss something.
You feel sick.
You closely miss something.
You feel sick.
You are no longer poisoned.
Something hits you.
* * * LOW HITPOINT WARNING * * *
You closely miss something.
You feel less wooden.
Your +0 pair of gloves unmelds from your body.
The +4 ring mail "Iru Woixtua" {rF+ Stlth+} unmelds from your body.
You hear some strange, mumbled words.
Something tries to affect you, but you resist.
You miss something. Something hits you!
You die...

#### ### * #... ..,* ,
##.#.####.# * ,
..........# ## * ,
.#........,..##
.........##.....
,#.#.#........... *
......{@.#.##.. ,
#.#.#.#......# ** , ,
, ......R......# ,, ,
#.#.#......#.# * * ,
.$.......### #,*.....,
, ,
#..##......###.#.....#
* ..
#.###......#...... , #
#.* ##.#####...... * *
, .. #....#.....


You could see the friendly Xochitl the knight.

Vanquished Creatures
  An ogre (D:5)
  A scorpion (D:3)
  A jelly (D:5)
  A hound (D:5)
  An iguana (D:4)
  5 adders
  2 dart slugs
  4 orcs
  2 ball pythons (D:3)
  4 endoplasms
  5 giant cockroaches
  8 goblins
  4 hobgoblins
  5 jackals
  3 kobolds
  2 quokkas
  A bat (D:1)
  2 frilled lizards
  6 rats
58 creatures vanquished.

Vanquished Creatures (collateral kills)
  A bullfrog (D:6)
  A jelly (D:4)
  A hound (D:5)
  2 iguanas
  2 adders (D:5)
  2 dart slugs (D:4)
  2 orcs
  A goblin (D:4)
  A kobold (D:4)
13 creatures vanquished.

Grand Total: 71 creatures vanquished

Notes
Turn   | Place    | Note
-------+----------+-------------------------------------------
     0 | D:1      | lunkers the Meteoran Fighter began the quest for the Orb.
     0 | D:1      | Reached XP level 1. HP: 19/19 MP: 2/2
   104 | D:1      | Reached XP level 2. HP: 21/26 MP: 3/3
   332 | D:2      | Found Ehaug's Assorted Antiques.
   336 | D:2      | Identified the +4 plate armour of Makhleb's Reproof {Harm
                  | rC+}
   422 | D:2      | Reached XP level 3. HP: 31/31 MP: 4/4
   837 | D:3      | Noticed a scorpion
   860 | D:3      | HP: 1/31 [scorpion (4)]
   863 | D:3      | Killed a scorpion
   864 | D:3      | Reached XP level 4. HP: 11/38 MP: 5/5
   864 | D:3      | Reached XP level 5. HP: 14/45 MP: 6/6
   912 | D:3      | Identified the +4 ring mail "Iru Woixtua" {rF+ Stlth+}
   926 | D:3      | Upgraded the game from 0.30-a0-862-g1aabd4f9c5 to
                  | 0.30-a0-870-gc5d4c5acee
  1194 | D:3      | Found a faded altar of an unknown god.
  1202 | D:3      | Prayed at the altar of an unknown god.
  1202 | D:3      | Became a worshipper of Hepliaklqana the Forgotten
  1202 | D:3      | Reached * piety under Hepliaklqana
  1318 | D:4      | Reached XP level 6. HP: 37/45 MP: 7/7
  1336 | D:4      | Reached skill level 5 in Short Blades
  1461 | D:4      | Found a sacrificial altar of Ru.
  1514 | D:4      | Found an ornate altar of the Wu Jian Council.
  1536 | D:4      | Reached ** piety under Hepliaklqana
  1539 | D:4      | Remembered your ancestor Xochitl as a knight
  1635 | D:4      | Found an opulent altar of Gozag.
  1930 | D:5      | Entered Level 5 of the Dungeon
  2037 | D:5      | Reached XP level 7. HP: 48/51 MP: 8/8
  2041 | D:5      | Found a staircase to the Ecumenical Temple.
  2047 | D:5      | Reached skill level 5 in Long Blades
  2162 | D:6      | Identified the +5 quarterstaff "Beskayme" {freeze, *Slow
                  | Int+2 Dex+3 Stlth+}
  2172 | D:6      | Found a snail-covered altar of Cheibriados.
  2185 | D:6      | Noticed Sigmund
  2199 | D:6      | HP: 2/76 [something (7)]
  2219 | D:6      | HP: 3/76 [poisoned by Sigmund]
  2220 | D:6      | HP: 1/76 [something (1)]
  2222 | D:6      | Mangled by Sigmund

Illustrated notes

Levels and vault maps discovered:
D:1:      giann_wishing_wells, layout_basic, minmay_pentomino_v2
D:2:      layout_basic, serial_shops, nicolae_shop_overgrown_old_shop,
          fountainhead
D:3:      layout_basic, shapermc_ecumenical_altar_flowoftime
D:4:      layout_layer_cave, nicolae_ru_the_path_less_chosen,
          nicolae_gozag_cash_rules_everything_around_me,
          mainiacjoe_overflow_alcove_2
D:5:      layout_basic, kennysheep_mini_moat, minmay_temple_entry_arrows,
          uniq_duvessa
D:6:      layout_rooms, mainiacjoe_overflow_surrounded_room,
          mainiacjoe_overflow_concentric_impassable, serial_co_window_serial,
          co_window_paths_a, co_window_of_opportunity_a, co_window_paths_a,
          co_window_corner_a, co_window_paths_b, co_window_unsneaky_path_a,
          co_window_cross_2, co_window_corner_b, glass_columns_b,
          glass_columns_a, glass_columns_a, glass_columns_b, uniq_sigmund

Skill      XL: |  1  2  3  4  5  6  7 |
---------------+----------------------+-----
Long Blades    | 3 4 6 |  6.4
Short Blades   | 3 4 6 |  6.0
Fighting       | |  3.2
Armour         | |  3.6
Shields        | |  3.6

Action                     |  1- 3 |  4- 6 |  7- 9 || total
---------------------------+-------+-------+-------++-------
  Melee: Long sword        |    40 |       |    31 ||    71
         Dagger            |    36 |   138 |       ||   174
         Great sword       |       |     2 |    17 ||    19
 Invoke: Ancestor Life: Kn |       |     1 |       ||     1
    Use: Potion            |     1 |       |     3 ||     4
         Scroll            |       |     5 |     1 ||     6
   Stab: Distracted        |       |     1 |       ||     1
 Armour: Scale mail        |    35 |     3 |       ||    38
         Ring mail         |       |    44 |    16 ||    60
         Skin              |       |       |    10 ||    10
  Dodge: Dodged            |    21 |    53 |    10 ||    84
  Block: Buckler           |    23 |    23 |     3 ||    49

Table legend: (Time is in decaauts)
 A = Elapsed time spent in this place.
 B = Non-inter-level travel time spent in this place.
 C = Inter-level travel time spent in this place.
 D = Time resting spent in this place.
 E = Time spent auto-exploring this place.
 F = Levels seen in this place.
 G = Mean time per level.
                   A        B        C        D        E       F      G
               +--------+--------+--------+--------+--------+-----+--------+
         Total |   2207 |   2082 |    125 |      0 |   1509 |   6 |  367.8 |
       Dungeon |   2207 |   2082 |    125 |      0 |   1509 |   6 |  367.8 |
               +--------+--------+--------+--------+--------+-----+--------+

Top non-repeatable levels by time:
     D:4: 685 daAuts
     D:2: 625 daAuts
     D:3: 383 daAuts
     D:1: 220 daAuts
     D:5: 207 daAuts
     D:6: 86 daAuts
